 Dungeon Crawl Stone Soup version 0.25.1-2-g60ff931df9 (webtiles) character file.

Game seed: 11966956456125597790

15799 lepoulpe303 the Thaumaturge (level 12, -1/56 HPs)
             Began as a Spriggan Earth Elementalist on Sept 23, 2020.
             Was an Initiate of Gozag.
             Slain by an orc warlord
             ... wielding a +0 great sword
              (43 damage)
             ... on level 2 of the Orcish Mines.
             The game lasted 01:22:12 (19794 turns).

lepoulpe303 the Thaumaturge (SpEE)                 Turns: 19794, Time: 01:22:13

Health: -1/56      AC:  4    Str:  4    XL:     12   Next: 4%
Magic:  20/37      EV: 26    Int: 25    God:    Gozag
Gold:   1576       SH:  0    Dex: 18    Spells: 9/34 levels left

rFire    + . .     SeeInvis +   b - staff of energy {+MP, hungerless spells, !d!a}
rCold    . . .     Gourm    .   (shield currently unavailable)
rNeg     + . .     Faith    .   V - +2 robe {rF+} {rF+}
rPois    .         Spirit   .   (helmet restricted)
rElec    .         Reflect  .   (no cloak)
rCorr    .         Harm     .   (gloves unavailable)
MR       ++...                  (boots unavailable)
Stlth    +++++.....             N - amulet of magic regeneration
HPRegen  0.18/turn              M - ring of Zaloelon {Wiz *Contam Slay+5}
MPRegen  0.50/turn              E - ring "Giusar Mepu" {rN+ MP+9 Int+5}

@: gold aura, very quick
A: very small, unfitting armour, see invisible, herbivore, speed 3, slow
metabolism 2
a: Potion Petition, Call Merchant, Bribe Branch, Renounce Religion


You were on level 2 of the Orcish Mines.
You worshipped Gozag.
Gozag was most pleased with you.
You were not hungry.

You visited 2 branches of the dungeon, and saw 13 of its levels.

You collected 3014 gold pieces.
You spent 788 gold pieces at shops.
You paid 650 gold pieces to Gozag.

Inventory:

Hand Weapons
 a - the +7 rapier of Nosem {flame, *Corrode rPois MR+ Int+2}
   (You found it on level 8 of the Dungeon)

   It has been specially enchanted to burn those struck by it, causing extra
   injury to most foes and up to half again as much damage against particularly
   susceptible opponents.
   It affects your intelligence (+2).
   It protects you from poison.
   It affects your resistance to hostile enchantments.
   It may corrode you when you take damage.
 J - a +1 short sword
Missiles
 k - 65 poisoned darts (quivered)
 z - a throwing net {=f}
 Q - 143 stones
Armour
 F - +2 swamp dragon scales
 L - a +0 buckler
 V - a +2 robe of fire resistance (worn) {rF+}
Magical Staves
 b - an uncursed staff of energy (weapon) {+MP, hungerless spells, !d!a}
Jewellery
 y - an uncursed ring of flight
 C - an uncursed ring of magical power {MP+9}
 E - the ring "Giusar Mepu" (right hand) {rN+ MP+9 Int+5}
   (You bought it in a shop on level 5 of the Dungeon)

   [ring of magical power]

   It affects your intelligence (+5).
   It protects you from negative energy.
   It affects your magic capacity (+9).
 I - an uncursed ring of protection from cold
 M - the ring of Zaloelon (left hand) {Wiz *Contam Slay+5}
   (You found it on level 9 of the Dungeon)

   [ring of wizardry]

   It improves your spell success rate.
   It affects your accuracy and damage with ranged weapons and melee attacks
   (+5).
   It causes magical contamination when unequipped.
 N - an amulet of magic regeneration (around neck)
 S - a +6 ring of strength
 T - a +4 ring of slaying {unknown}
 U - an uncursed ring of resist corrosion {unknown}
Wands
 D - a wand of digging (5)
 G - a wand of enslavement (10)
 H - a wand of clouds (5)
Scrolls
 g - 2 scrolls of random uselessness {unknown}
 i - 4 scrolls of identify
 o - 2 scrolls of magic mapping {!r}
 r - 3 scrolls of amnesia
 s - 3 scrolls of enchant weapon
 t - 4 scrolls of teleportation
 u - 2 scrolls of immolation {!r}
 w - 10 scrolls of remove curse
 x - 2 scrolls of enchant armour {unknown}
 A - a scroll of noise {unknown}
 B - a scroll of fog {unknown}
 O - 2 scrolls of fear {unknown}
 R - a scroll of blinking {unknown}
Potions
 d - 4 potions of might
 f - 3 potions of stabbing
 h - 4 potions of haste
 j - a potion of ambrosia
 l - 3 potions of heal wounds
 m - a potion of brilliance
 n - 3 potions of lignification {unknown}
 p - 4 potions of flight
 q - 4 potions of curing
 v - a potion of mutation {!q}
 K - a potion of magic {unknown}
 P - a potion of cancellation {unknown}
Comestibles
 e - 12 rations


   Skills:
 + Level 2.7 Fighting
 + Level 7.3 Short Blades
 * Level 2.7 Armour
 + Level 10.0 Dodging
 + Level 10.9 Stealth
 - Level 0.8 Shields
 * Level 11.6 Spellcasting
 - Level 1.3 Transmutations
 + Level 3.2 Air Magic
 * Level 9.2 Earth Magic
 * Level 5.1 Poison Magic


You had 9 spell levels left.
You knew the following spells:

 Your Spells              Type           Power        Failure   Level  Hunger
a - Sandblast             Erth           ######       1%          1    None
b - Mephitic Cloud        Conj/Pois/Air  ####....     1%          3    None
c - Petrify               Tmut/Erth      #####...     1%          4    None
d - Olgreb's Toxic Radia  Pois           #####...     1%          4    None
e - Ignite Poison         Fire/Tmut/Pois ####....     2%          3    None
w - Passwall              Tmut/Erth      #####...     1%          2    None
x - Stone Arrow           Conj/Erth      #####.       1%          3    None
z - Lee's Rapid Deconstr  Erth           ######....   1%          5    None

Your spell library contained the following spells:

 Spells                   Type           Power        Failure   Level  Hunger
 Animate Skeleton         Necr           N/A          1%          1    None
 Apportation              Tloc           ##....       1%          1    None
 Beastly Appendage        Tmut           ###...       1%          1    None
 Corona                   Hex            ##.....      1%          1    None
 Sting                    Tmut/Pois      ####         1%          1    None
 Summon Small Mammal      Summ           ##..         1%          1    None
 Poisonous Vapours        Pois/Air       #####.       1%          2    None
 Sticks to Snakes         Tmut           ###.....     1%          2    None
 Spider Form              Tmut/Pois      ####......   1%          3    None
 Ice Form                 Ice/Tmut       ###.....     13%         4    None
 Blade Hands              Tmut           ###.......   26%         5    None
 Statue Form              Tmut/Erth      #####....    28%         6    None
 Irradiate                Conj/Tmut      ###.......   32%         5    None
 Hydra Form               Tmut           ###.......   78%         6    None
 Dragon Form              Tmut           ###.......   100%        7    None


Dungeon Overview and Level Annotations

Branches:
Dungeon (11/15)            Temple (0/1) D:7            Lair (0/6) D:9
    Orc (2/2) D:11
    Elf: Orc:2

Altars:
Dithmenos
Elyvilon
Fedhas
Gozag
Hepliaklqana
Makhleb
Okawaru
Sif Muna
Trog
Vehumet
Wu Jian
Yredelemnul
The Shining One

Shops:
D:5 =   D:8 [   D:10 =   Orc:1 }

Annotations:
D:8 exclusion: statue


Innate Abilities, Weirdness & Mutations

You are very small and have problems with some larger weapons.
You are too small for most types of armour.
You have supernaturally acute eyesight. (SInv)
You are a herbivore.
You cover ground extremely quickly.
You need to consume almost no food.


Message History

The orc priest looks even sicker.
The orc priest invokes the aid of Beogh against you.
Beogh smites you!
An orc comes into view. It is wielding a +0 club.
You take 14 damage, and have 42/56 hp.
MASSIVE DAMAGE!!
You now have 22/37 mp.
You ignite the poison in your surroundings!
The orc warlord seems to burn from within!!
The orc priest seems to burn from within!!
You kill the orc priest!
The orc warrior seems to burn from within!!!
You kill the orc warrior!
The orc knight seems to burn from within!
The orc warlord is poisoned.
The orc is poisoned.
The orc knight is poisoned.
Your toxic aura wanes.
The orc warlord hits you with a +0 great sword!!!
Ouch! That really hurt!
You die...
Your body crumbles into a pile of gold.

.. .. .# .##
## ..
##.##.###
#.$@#...#
#..#o...#
#.....$$##
##...$.$.8.
##....#$$o..
#......o$..
##.........
...... ...
.....#####


You could see an orc warlord (strong, poisoned), an orc knight (petrified,
poisoned) and an orc (strong, poisoned).

Levels and vault maps discovered:
D:1:      minmay_arrival_checkered_box, layout_rooms
D:2:      layout_basic, minmay_misc_feat_encased, grunt_gozag_breadcrumbs
D:3:      layout_basic
D:4:      layout_loops_ring, lemuel_doored_altar, elyvilon_altar_5,
          nicolae_overflow_hidden_temple, makhleb_heckhound_becter,
          hangedman_abyss_or_decor_stabs, uniq_sigmund
D:5:      cheibrodos_two_vegetables, layout_loops_ring,
          lemuel_zombie_altar_yredelemnul, serial_shops, nicolae_shop_crystal,
          first_ration, minmay_fractal_squares_diagonal_5
D:6:      layout_loops_corners, serial_rivers, chequers_serial_rivers_small_a,
          chequers_serial_rivers_micro_a, chequers_serial_rivers_small_a,
          chequers_serial_rivers_micro_e, chequers_serial_rivers_micro_c,
          chequers_serial_rivers_small_a, minmay_misc_feat_pillars,
          hangedman_decor_lopped, uniq_maggie, uniq_menkaure
D:7:      layout_gridville, minmay_temple_entry_antechambers, serial_glass,
          glass_columns_c, glass_columns_a, the_bakery
D:8:      layout_loops_ring, vehumet_statue, okawaru_altar_gauntlet_db,
          chequers_temple_overflow_minitemple, serial_shops, shop_statue,
          grunt_ministairs_9
D:9:      layout_long_grid, kennysheep_mini_moat, due_lair_maze_entry_diamond,
          serial_co_window_serial, co_window_corner_a, co_window_paths_a,
          co_window_paths_a, co_window_corner_a, co_window_of_opportunity_a,
          co_window_paths_a, co_window_corner_a, co_window_2corner,
          co_window_corner_ca, co_window_broadway_c, co_window_unsneaky_path_b,
          co_window_corner_b, co_window_paths_e, co_window_4corner_b,
          glass_columns_c, glass_columns_c, glass_columns_a, uniq_joseph
D:10:     layout_basic, serial_shops,
          nicolae_shop_temple_entry_statues_fountains,
          hellmonk_ghost_happy_afterlife
D:11:     layout_irregular_city, erik_orc_1, grunt_ministairs_8
Orc:1:    layout_caves, serial_shops, basic_altar, guppyfry_library_mini
Orc:2:    grunt_orc_cross, layout_caves, serial_shops, nicolae_shop_crystal,
          basic_altar

Notes
Turn   | Place    | Note
-------+----------+-------------------------------------------
     0 | D:1      | lepoulpe303 the Spriggan Earth Elementalist began the quest
                  | for the Orb.
     0 | D:1      | Reached XP level 1. HP: 9/9 MP: 5/5
   189 | D:1      | Identified a +0 club
   190 | D:1      | Reached skill level 3 in Spellcasting
   190 | D:1      | Reached XP level 2. HP: 13/13 MP: 2/7
   373 | D:1      | Reached skill level 3 in Earth Magic
   380 | D:1      | Identified a +0 short sword
   625 | D:1      | Identified a cursed -1 club
   786 | D:2      | HP: 1/13 [worm (11)]
   796 | D:2      | Reached XP level 3. HP: 2/16 MP: 3/8
   800 | D:2      | Learned a level 2 spell: Passwall
   804 | D:2      | Learned a level 3 spell: Stone Arrow
  1184 | D:2      | Identified a +0 club
  1246 | D:2      | HP: 4/16 [poisoned by an adder]
  1254 | D:2      | HP: 2/16 [poisoned by an adder]
  1752 | D:2      | Identified a +0 club
  1784 | D:2      | Found an opulent altar of Gozag.
  1917 | D:2      | Identified a cursed -1 club
  1984 | D:2      | HP: 3/16 [adder (2)]
  1985 | D:2      | Reached skill level 1 in Short Blades
  1985 | D:2      | Reached XP level 4. HP: 4/21 MP: 5/10
  1986 | D:2      | Identified 2 potions of heal wounds
  2085 | D:2      | Reached skill level 4 in Stealth
  2105 | D:2      | Identified a +0 club
  2147 | D:2      | Identified a cursed +0 club
  2368 | D:2      | Reached skill level 4 in Spellcasting
  2369 | D:2      | Reached XP level 5. HP: 8/24 MP: 4/12
  2674 | D:2      | Became a worshipper of Gozag Ym Sagoz the Greedy
  2715 | D:3      | Identified a +0 dagger
  2715 | D:3      | Identified a +0 leather armour
  2716 | D:3      | Identified a +0 club
  2720 | D:3      | Identified a cursed -3 mace
  2724 | D:3      | Identified a +0 club
  2740 | D:3      | Identified a +0 club
  2751 | D:3      | Identified a +0 club
  2820 | D:3      | Identified a +0 hand axe
  2820 | D:3      | Identified a +0 ring mail
  2820 | D:3      | Identified a +0 dagger
  2828 | D:2      | Reached skill level 4 in Dodging
  3040 | D:3      | Identified a +0 flail
  3040 | D:3      | Identified a +0 mace
  3040 | D:3      | Identified a +0 chain mail
  3041 | D:3      | Identified a +0 flail
  3311 | D:3      | Identified a +0 club
  3317 | D:3      | HP: 4/24 [orc/+0 mace (8)]
  4175 | D:3      | Reached skill level 4 in Earth Magic
  4248 | D:3      | Identified a +0 short sword
  4248 | D:3      | Identified a +0 ring mail
  4249 | D:3      | Identified a +0 hand axe
  4250 | D:3      | Identified a +0 club
  4265 | D:3      | Identified a +0 whip
  4291 | D:2      | Reached skill level 2 in Short Blades
  4386 | D:3      | Reached XP level 6. HP: 28/28 MP: 9/14
  4667 | D:3      | Identified 5 scrolls of identify
  4667 | D:3      | Identified a potion of degeneration
  4668 | D:3      | Identified a potion of flight
  4669 | D:3      | Identified a potion of curing
  4707 | D:4      | Identified a +0 giant spiked club
  4758 | D:4      | Reached skill level 5 in Stealth
  4758 | D:4      | Reached skill level 5 in Spellcasting
  4830 | D:4      | Found a white marble altar of Elyvilon.
  4874 | D:4      | Identified a +0 dagger
  4874 | D:4      | Identified a +0 robe
  4880 | D:4      | Identified a +0 falchion
  4880 | D:4      | Identified a +0 trident
  4880 | D:4      | Identified a +0 short sword
  4928 | D:4      | Identified a +0 dagger
  4928 | D:4      | Identified a +0 robe
  5175 | D:4      | Found a blossoming altar of Fedhas.
  5190 | D:4      | Reached XP level 7. HP: 23/32 MP: 16/16
  5196 | D:4      | Learned a level 4 spell: Petrify
  5708 | D:4      | Identified a +0 giant spiked club
  5769 | D:4      | Reached skill level 5 in Dodging
  6065 | D:4      | Reached skill level 3 in Short Blades
  6066 | D:4      | Found a burning altar of Makhleb.
  6178 | D:4      | Identified a +0 scythe
  6178 | D:4      | Identified a +0 robe
  6178 | D:4      | Noticed Sigmund
  6264 | D:4      | Killed Sigmund
  6264 | D:4      | Reached skill level 6 in Stealth
  6264 | D:4      | Reached skill level 6 in Spellcasting
  6264 | D:4      | Reached skill level 5 in Earth Magic
  6330 | D:4      | Identified a +0 leather armour
  6330 | D:4      | Identified a +0 dagger
  6330 | D:4      | Identified a +0 robe
  6333 | D:4      | Identified a +0 hand axe
  6411 | D:4      | Reached XP level 8. HP: 29/36 MP: 2/18
  6544 | D:4      | Found a shimmering blue altar of Sif Muna.
  6602 | D:5      | Entered Level 5 of the Dungeon
  6618 | D:5      | Identified a +0 ring mail
  6618 | D:5      | Identified a +0 flail
  6618 | D:5      | Identified a +0 leather armour
  6920 | D:5      | Identified 2 potions of stabbing
  6921 | D:5      | Identified 2 scrolls of amnesia
  6940 | D:5      | Identified a potion of mutation
  6979 | D:5      | Identified a +0 short sword
  7002 | D:5      | Identified a +0 club
  7002 | D:5      | Identified an uncursed ring of flight
  7192 | D:5      | Identified a +0 club
  7192 | D:5      | Identified a +0 chain mail
  7255 | D:5      | HP: 9/36 [crimson imp (4)]
  7506 | D:4      | Identified a potion of ambrosia
  7523 | D:5      | Reached skill level 6 in Dodging
  7925 | D:5      | Identified an amulet of inaccuracy (You found it on level 5
                  | of the Dungeon)
  7927 | D:5      | Identified 3 scrolls of remove curse
  7928 | D:5      | Identified a ring of magical power (You found it on level 5
                  | of the Dungeon)
  7930 | D:5      | Identified a ring of protection from cold (You found it on
                  | level 5 of the Dungeon)
  8002 | D:5      | Found a basalt altar of Yredelemnul.
  8188 | D:5      | Reached skill level 7 in Spellcasting
  8415 | D:5      | Found Taniog's Jewellery Shop.
  8422 | D:5      | Bought the ring "Giusar Mepu" {rN+ MP+9 Int+5} for 458 gold
                  | pieces
  8779 | D:5      | Reached skill level 4 in Short Blades
  9485 | D:6      | Noticed Menkaure
  9492 | D:6      | Killed Menkaure
  9492 | D:6      | Reached skill level 7 in Stealth
  9674 | D:6      | Identified a +0 long sword
  9674 | D:6      | Identified +2 swamp dragon scales
  9674 | D:6      | Noticed Maggie
  9700 | D:6      | Killed Maggie
  9700 | D:6      | Reached skill level 6 in Earth Magic
  9719 | D:6      | Identified a +0 dagger
  9719 | D:6      | Identified a +0 robe
  9720 | D:6      | Identified a +0 flail
  9723 | D:6      | Identified a +0 dagger
  9723 | D:6      | Identified a +0 robe
  9817 | D:6      | Identified a +0 shortbow
  9817 | D:6      | HP: 4/36 [centaur/arrow (7)]
  9818 | D:6      | HP: 1/36 [centaur/arrow (3)]
 10030 | D:6      | Reached skill level 7 in Dodging
 10030 | D:6      | Reached skill level 8 in Spellcasting
 10030 | D:6      | Reached XP level 9. HP: 39/39 MP: 22/22
 10488 | D:6      | Identified a +0 flail
 10567 | D:6      | Identified a +0 club
 10567 | D:6      | Identified a +0 ring mail
 10571 | D:6      | Identified a +0 ring mail
 10575 | D:6      | Identified a +0 short sword
 10577 | D:6      | Identified a +0 mace of protection
 10744 | D:6      | Identified a cursed -1 flail
 10744 | D:6      | Identified a +0 chain mail
 10776 | D:6      | Identified a +0 short sword
 10776 | D:6      | Identified a +0 leather armour
 10793 | D:6      | Identified a +0 short sword
 10795 | D:6      | Identified a +0 dagger
 10795 | D:6      | Identified a +0 robe
 11192 | D:6      | Reached skill level 8 in Stealth
 11352 | D:6      | Identified a cursed -1 giant club
 11432 | D:6      | Reached skill level 5 in Short Blades
 11599 | D:7      | Identified a +0 dagger
 11601 | D:7      | Identified a +0 club
 11603 | D:7      | Identified a +0 scale mail
 11737 | D:7      | Identified a +0 dagger
 11739 | D:7      | Identified a +0 hand axe
 11739 | D:7      | Identified a +0 plate armour
 11739 | D:7      | Identified a +0 dagger
 11739 | D:7      | Identified a +0 robe
 11800 | D:7      | Identified a +0 dagger
 11800 | D:7      | Identified a +0 robe
 11800 | D:7      | Identified a +0 dagger
 12169 | D:7      | Identified a +0 dagger
 12169 | D:7      | Identified a +0 robe
 12175 | D:7      | Reached skill level 7 in Earth Magic
 12306 | D:7      | Found a staircase to the Ecumenical Temple.
 12379 | D:8      | You fall into a shaft and drop 3 floors!
 12410 | D:11     | Identified a +0 hand axe
 12410 | D:11     | Identified a +0 ring mail
 12411 | D:11     | Identified a +0 trident
 12411 | D:11     | Identified a cursed +0 ring mail
 12413 | D:11     | Identified a +0 mace
 12414 | D:11     | Identified a +2 dagger of protection
 12414 | D:11     | Identified a +0 robe
 12415 | D:11     | Identified a +1 scimitar of holy wrath
 12415 | D:11     | Identified a +0 plate armour
 12415 | D:11     | Identified a +0 trident
 12417 | D:11     | Identified a +0 dagger
 12417 | D:11     | Identified a +0 robe
 12418 | D:11     | Identified a +0 chain mail
 12484 | D:11     | Reached skill level 9 in Spellcasting
 12677 | D:11     | Identified a +0 dagger
 12677 | D:11     | Identified a +0 robe
 12686 | D:11     | Identified a cursed -2 dagger
 12686 | D:11     | Identified a +0 robe
 12781 | D:11     | Identified a +0 hand axe
 12781 | D:11     | Identified a +0 animal skin
 12802 | D:11     | Identified a +0 club
 12807 | D:11     | Found a staircase to the Orcish Mines.
 12811 | D:11     | Identified a cursed +0 giant club
 12875 | D:11     | Identified a +0 war axe
 12887 | D:11     | Reached skill level 8 in Dodging
 12973 | D:11     | Noticed a manticore
 12973 | D:11     | Noticed a troll
 12986 | D:11     | Killed a manticore
 12986 | D:11     | Reached skill level 9 in Stealth
 13104 | D:11     | Killed a troll
 13175 | D:11     | Noticed a cyclops
 13180 | D:11     | Killed a cyclops
 13180 | D:11     | Reached XP level 10. HP: 44/44 MP: 24/24
 13201 | D:11     | Identified a cursed -3 club
 13201 | D:11     | Identified a cursed +0 ring mail
 13227 | D:11     | Identified a potion of brilliance
 13274 | D:11     | Identified a +0 giant club
 13274 | D:11     | Identified a +0 giant spiked club
 13274 | D:11     | Noticed a two-headed ogre
 13292 | D:11     | Killed a two-headed ogre
 13292 | D:11     | Reached skill level 6 in Short Blades
 13292 | D:11     | Reached skill level 10 in Spellcasting
 13353 | D:11     | Learned a level 5 spell: Lee's Rapid Deconstruction
 13357 | D:11     | Learned a level 3 spell: Mephitic Cloud
 13420 | D:11     | Identified a +0 giant spiked club
 13420 | D:11     | Identified a +0 giant club
 13420 | D:11     | Noticed a two-headed ogre
 13464 | D:11     | Killed a two-headed ogre
 13464 | D:11     | Reached skill level 8 in Earth Magic
 13464 | D:11     | Reached skill level 1 in Poison Magic
 13561 | D:11     | Reached skill level 1 in Air Magic
 13584 | D:11     | Noticed a cyclops
 13596 | D:11     | Killed a cyclops
 13596 | D:11     | Reached skill level 9 in Dodging
 13702 | D:10     | Entered Level 10 of the Dungeon
 13712 | D:10     | Identified a +0 giant club
 13717 | D:10     | Reached skill level 2 in Poison Magic
 13724 | D:10     | Noticed LostGamesStreakFreak's ghost (journeyman MfIE)
 13747 | D:9      | Reached skill level 1 in Fighting
 14114 | D:8      | Identified a +0 shortbow
 14122 | D:8      | Reached skill level 1 in Armour
 14271 | D:8      | Identified a +2 falchion of flaming
 14271 | D:8      | Identified a +0 leather armour
 14287 | D:8      | Got a masterwork rapier
 14288 | D:8      | Identified the +7 rapier of Nosem {flame, *Corrode rPois
                  | MR+ Int+2} (You found it on level 8 of the Dungeon)
 14322 | D:8      | Found Inileuss's Armour Shop.
 14445 | D:8      | Identified a +0 hunting sling
 14445 | D:8      | Identified a cursed +0 chain mail
 14465 | D:8      | Identified a +0 dire flail
 14465 | D:8      | Identified a +0 plate armour
 14465 | D:8      | Identified a +0 mace
 14465 | D:8      | Identified a +0 leather armour
 14465 | D:8      | Identified a +0 mace
 14465 | D:8      | Identified a cursed +0 chain mail
 14629 | D:8      | Found an iron altar of Okawaru.
 14681 | D:8      | Identified a +0 battleaxe
 14681 | D:8      | Identified a +0 plate armour
 14682 | D:8      | Identified a +1 dagger of venom
 14682 | D:8      | Identified a +0 robe
 14682 | D:8      | Identified a +0 flail
 14682 | D:8      | Identified a +0 ring mail
 14699 | D:8      | Reached skill level 10 in Stealth
 14713 | D:8      | Identified a +0 dagger
 14713 | D:8      | Identified a +0 robe
 14797 | D:8      | Found a radiant altar of Vehumet.
 14798 | D:8      | Identified a +0 mace
 14798 | D:8      | Identified a +0 dagger
 14798 | D:8      | Identified a +0 robe
 14800 | D:8      | Identified a +0 trident
 14800 | D:8      | Identified a +0 plate armour
 14964 | D:8      | Identified a +0 dagger
 14964 | D:8      | Identified a +0 leather armour
 14966 | D:8      | Identified a +0 flail
 14966 | D:8      | Identified a +0 whip
 14968 | D:8      | Identified a cursed +0 mace
 14968 | D:8      | Identified a +0 leather armour
 14972 | D:8      | Identified a +0 dagger
 14972 | D:8      | Identified a +0 robe
 15346 | D:8      | Found an ornate altar of the Wu Jian Council.
 15346 | D:8      | Found a faded altar of an unknown god.
 15352 | D:8      | Found a shadowy altar of Dithmenos.
 15354 | D:8      | Found a glowing golden altar of the Shining One.
 15355 | D:8      | Found a bloodstained altar of Trog.
 15442 | D:9      | Got a bound bone ring
 15444 | D:9      | Identified the ring of Zaloelon {Wiz *Contam Slay+5} (You
                  | found it on level 9 of the Dungeon)
 15531 | D:5      | Bought an uncursed amulet of magic regeneration for 330
                  | gold pieces
 15636 | D:9      | Identified a +0 quarterstaff
 15636 | D:9      | Identified a +0 hunting sling
 15636 | D:9      | Identified a +0 ring mail
 15636 | D:9      | Noticed Joseph
 15830 | D:9      | Reached skill level 3 in Poison Magic
 15873 | D:9      | Reached XP level 11. HP: 36/49 MP: 20/26
 15910 | D:9      | Learned a level 4 spell: Olgreb's Toxic Radiance
 15971 | D:9      | Found a staircase to the Lair.
 16021 | D:9      | Reached skill level 2 in Air Magic
 16359 | D:9      | Found a hazy altar of Hepliaklqana.
 16414 | D:9      | Learned a level 3 spell: Ignite Poison
 16469 | D:9      | Killed Joseph
 17004 | D:10     | Found a runed translucent door.
 17251 | D:10     | Found Kaopt's Jewellery Shop.
 17277 | D:10     | Identified a ring of strength (You found it on level 10 of
                  | the Dungeon)
 17280 | D:10     | Identified an amulet of faith (You found it on level 10 of
                  | the Dungeon)
 17283 | D:10     | Identified a +0 dagger
 17284 | D:10     | Identified a +0 dagger
 17284 | D:10     | Identified a +0 dagger
 17287 | D:10     | Identified a +0 whip
 17302 | D:10     | Identified a +0 buckler (You found it on level 8 of the
                  | Dungeon)
 17533 | D:10     | Reached skill level 2 in Fighting
 17875 | D:10     | Killed LostGamesStreakFreak's ghost
 17875 | D:10     | Reached skill level 7 in Short Blades
 17875 | D:10     | Reached skill level 11 in Spellcasting
 17875 | D:10     | Reached skill level 4 in Poison Magic
 17909 | D:10     | Identified 4 potions of haste
 17910 | D:10     | Identified 3 scrolls of magic mapping
 17911 | D:10     | Identified 5 scrolls of teleportation
 17912 | D:10     | Identified 3 scrolls of immolation
 17913 | D:10     | Identified 4 scrolls of enchant weapon
 18122 | Orc:1    | Entered Level 1 of the Orcish Mines
 18122 | Orc:1    | Identified a +0 antimagic dagger
 18122 | Orc:1    | Identified a +0 robe
 18122 | Orc:1    | Noticed an orc sorcerer
 18127 | Orc:1    | Killed an orc sorcerer
 18146 | Orc:1    | Identified a cursed +0 dagger
 18146 | Orc:1    | Identified a +0 leather armour
 18147 | Orc:1    | Identified a +0 battleaxe
 18147 | Orc:1    | Identified a +0 plate armour of cold resistance
 18147 | Orc:1    | Identified a +0 flail
 18155 | Orc:1    | Identified a +0 leather armour
 18156 | Orc:1    | Identified a +0 dagger
 18156 | Orc:1    | Identified a +0 robe
 18194 | Orc:1    | Reached skill level 2 in Armour
 18338 | Orc:1    | Identified a +0 giant club
 18342 | Orc:1    | Identified a +0 dagger
 18342 | Orc:1    | Identified a +2 robe of fire resistance
 18342 | Orc:1    | Noticed an orc sorcerer
 18379 | Orc:1    | Noticed a soul eater
 18384 | Orc:1    | Killed an orc sorcerer
 18404 | Orc:1    | Identified a +0 dagger
 18404 | Orc:1    | Identified a +0 robe
 18405 | Orc:1    | Identified a +0 chain mail
 18409 | Orc:1    | Identified a +0 glaive
 18409 | Orc:1    | Identified a +0 chain mail
 18409 | Orc:1    | Identified a +0 giant club
 18470 | Orc:1    | Identified a +0 dagger
 18470 | Orc:1    | Identified a +0 robe
 18472 | Orc:1    | Identified a +1 dagger of venom
 18472 | Orc:1    | Identified a +0 robe
 18474 | Orc:1    | Identified a +0 war axe
 18493 | Orc:1    | Reached skill level 9 in Earth Magic
 18611 | Orc:1    | Identified a +0 dagger
 18611 | Orc:1    | Identified a +0 robe
 18611 | Orc:1    | Noticed an orc sorcerer
 18792 | Orc:1    | Identified a +0 giant club
 18812 | Orc:1    | Identified a +0 giant club
 18815 | Orc:1    | Killed an orc sorcerer
 18837 | Orc:1    | Found a radiant altar of Vehumet.
 18973 | Orc:1    | Identified a cursed -3 giant spiked club
 19007 | Orc:1    | Identified a +0 giant spiked club
 19044 | Orc:1    | Identified a +0 trident
 19044 | Orc:1    | Identified a +0 club
 19044 | Orc:1    | Identified a +0 leather armour
 19045 | Orc:1    | Identified a +0 whip
 19045 | Orc:1    | Identified a +0 chain mail
 19045 | Orc:1    | Identified a +0 dagger
 19045 | Orc:1    | Identified a +0 scale mail
 19045 | Orc:1    | Identified a +0 mace
 19046 | Orc:1    | Identified a +0 flail
 19046 | Orc:1    | Identified a +0 plate armour
 19046 | Orc:1    | Identified a +3 dagger
 19046 | Orc:1    | Identified a +0 robe
 19046 | Orc:1    | Identified a +0 dagger
 19046 | Orc:1    | Identified a +0 robe
 19048 | Orc:1    | Identified a +0 hand axe of electrocution
 19048 | Orc:1    | Identified a +0 chain mail
 19049 | Orc:1    | Identified a +0 short sword
 19049 | Orc:1    | Identified a +0 ring mail
 19050 | Orc:1    | Identified a +0 hand axe
 19050 | Orc:1    | Identified a cursed -2 plate armour
 19064 | Orc:1    | Identified a +0 dire flail
 19064 | Orc:1    | Identified a +0 chain mail
 19066 | Orc:1    | Identified a +0 flail
 19066 | Orc:1    | Identified a +0 leather armour
 19070 | Orc:1    | Identified a +0 whip
 19070 | Orc:1    | Identified a +0 leather armour
 19071 | Orc:1    | Reached skill level 3 in Air Magic
 19072 | Orc:1    | Identified a +0 ring mail
 19072 | Orc:1    | Identified a +0 war axe
 19072 | Orc:1    | Identified a cursed +0 plate armour
 19074 | Orc:1    | Identified a +0 short sword
 19077 | Orc:1    | Identified a +5 dagger of pain
 19077 | Orc:1    | Identified a +0 robe
 19192 | Orc:1    | Identified a +0 ring mail
 19219 | Orc:1    | Identified a +0 short sword
 19219 | Orc:1    | Identified a +1 chain mail of poison resistance
 19229 | Orc:1    | Identified a +0 battleaxe of flaming
 19229 | Orc:1    | Identified a cursed +0 chain mail
 19289 | Orc:1    | Identified a +0 robe
 19345 | Orc:1    | Identified a +0 dagger
 19345 | Orc:1    | Identified a +0 robe
 19345 | Orc:1    | Noticed an orc sorcerer
 19346 | Orc:1    | Identified a +0 dagger
 19346 | Orc:1    | Identified a cursed -2 robe
 19353 | Orc:1    | Identified a +0 dagger
 19353 | Orc:1    | Identified a +0 robe
 19359 | Orc:1    | Killed an orc sorcerer
 19377 | Orc:1    | Identified a +0 dagger
 19377 | Orc:1    | Identified a +0 robe
 19559 | Orc:2    | Entered Level 2 of the Orcish Mines
 19559 | Orc:2    | Identified a +0 dagger
 19559 | Orc:2    | Identified a +0 robe
 19559 | Orc:2    | Identified a +0 club
 19559 | Orc:2    | Identified a +0 chain mail
 19559 | Orc:2    | Identified a +1 dagger of flaming
 19559 | Orc:2    | Identified a +0 robe
 19559 | Orc:2    | Identified a +0 dagger
 19594 | Orc:2    | Identified a +0 battleaxe
 19594 | Orc:2    | Identified a cursed +0 plate armour
 19594 | Orc:2    | Identified a +0 leather armour
 19594 | Orc:2    | Identified a +0 short sword
 19594 | Orc:2    | Identified a +0 leather armour
 19595 | Orc:2    | Identified a +0 halberd
 19595 | Orc:2    | Identified a +0 chain mail
 19597 | Orc:2    | Identified a +0 dagger
 19597 | Orc:2    | Identified a +0 robe
 19597 | Orc:2    | Identified a +0 club
 19601 | Orc:2    | Identified a cursed -1 trident
 19601 | Orc:2    | Noticed an orc high priest
 19607 | Orc:2    | Identified a +0 club
 19607 | Orc:2    | Identified a +0 leather armour
 19607 | Orc:2    | Identified a +0 hand axe
 19607 | Orc:2    | Identified a +0 leather armour
 19608 | Orc:2    | Identified a +0 whip
 19610 | Orc:2    | Identified a +1 war axe
 19610 | Orc:2    | Identified a +0 chain mail
 19610 | Orc:2    | Noticed an orc knight
 19612 | Orc:2    | Killed an orc high priest
 19612 | Orc:2    | Reached skill level 10 in Dodging
 19612 | Orc:2    | Reached skill level 5 in Poison Magic
 19612 | Orc:2    | Reached XP level 12. HP: 25/56 MP: 4/28
 19613 | Orc:2    | Identified a +0 dagger
 19613 | Orc:2    | Identified a cursed +0 robe
 19784 | Orc:2    | Identified a +0 great sword
 19784 | Orc:2    | Identified a +0 chain mail
 19784 | Orc:2    | Noticed an orc warlord
 19788 | Orc:2    | Identified a +0 mace
 19790 | Orc:2    | Identified a +2 vorpal hand axe
 19790 | Orc:2    | Identified a +0 plate armour
 19793 | Orc:2    | Identified a +0 club
 19793 | Orc:2    | Identified a +0 leather armour
 19794 | Orc:2    | Slain by an orc warlord

Table legend:
 A = Turns spent in this place as a percentage of turns spent in the entire game.
 B = Non-inter-level travel turns spent in this place as a percentage of non-inter-level travel turns spent in the entire game.
 C = Inter-level travel turns spent in this place as a percentage of turns spent in this place.
 D = Turns resting spent in this place as a percentage of non-inter-level travel turns spent in this place.
 E = Turns spent auto-exploring this place as a percentage of non-inter-level travel turns spent in this place.
 F = Non-inter-level travel turns spent in this place divided by the number of levels of this place that you've seen.
                   A       B       C       D       E      F
               +-------+-------+-------+-------+-------+----------------------
         Total | 100.0 | 100.0 |   4.7 |  35.7 |  38.6 | 1451.4
       Dungeon |  91.6 |  91.3 |   4.9 |  35.3 |  38.8 | 1566.1
  Orcish Mines |   8.4 |   8.7 |   1.9 |  40.1 |  37.0 | 820.5
               +-------+-------+-------+-------+-------+----------------------

Table legend:
 A = Kills in this place as a percentage of kills in entire the game.
 B = Kills by you in this place as a percentage of kills by you in the entire game.
 C = Kills by friends in this place as a percentage of kills by friends in the entire game.
 D = Other kills in this place as a percentage of other kills in the entire game.
 E = Experience gained in this place as a percentage of experience gained in the entire game.
 F = Experience gained in this place divided by the number of levels of this place that you have seen.
                   A       B       C       D       E      F
               +-------+-------+-------+-------+-------+----------------------
         Total | 100.0 | 100.0 |   N/A |   N/A | 100.0 | 1736.2
       Dungeon |  80.6 |  80.6 |   N/A |   N/A |  71.3 | 1463.5
  Orcish Mines |  19.4 |  19.4 |   N/A |   N/A |  28.7 | 3235.5
               +-------+-------+-------+-------+-------+----------------------

Skill      XL: |  1  2  3  4  5  6  7  8  9 10 11 |
---------------+----------------------------------+-----
Spellcasting   | 3 4 5 6 8 9 10 11 | 11.6
Earth Magic    | 3 4 5 6 7 8 9 |  9.2
Short Blades   | 1 2 3 4 5 6 7 |  7.3
Stealth        | 4 5 6 7 9 10 | 10.9
Dodging        | 4 5 7 8 9 10 | 10.0
Poison Magic   | 3 5 |  5.1
Air Magic      | 1 3 |  3.2
Fighting       | 1 2 |  2.7
Armour         | 1 2 |  2.7
Shields        | |  0.8
Transmutations | |  1.3

Action                   |  1- 3 |  4- 6 |  7- 9 | 10-12 || total
-------------------------+-------+-------+-------+-------++-------
Melee: Short sword       |    89 |   166 |   429 |    43 ||   727
       Rapier            |       |       |       |   162 ||   162
Throw: Dart              |     8 |    78 |   156 |    26 ||   268
 Cast: Sandblast         |    31 |    24 |    13 |    27 ||    95
       Stone Arrow       |       |     3 |    92 |   127 ||   222
       Lee's Rapid Decon |       |       |       |     9 ||     9
       Passwall          |       |       |       |     2 ||     2
       Ignite Poison     |       |       |       |    15 ||    15
       Olgreb's Toxic Ra |       |       |       |    13 ||    13
       Petrify           |       |       |       |     5 ||     5
       Mephitic Cloud    |       |       |       |     3 ||     3
Invok: Call Merchant     |       |       |       |     1 ||     1
  Use: Potion            |       |     1 |     1 |       ||     2
       Scroll            |       |     3 |     6 |     7 ||    16
 Stab: Sleeping          |     6 |     8 |    13 |    17 ||    44
       Distracted        |       |     2 |     1 |       ||     3
       Confused          |       |       |       |     2 ||     2
  Eat: Ration            |       |     1 |     5 |     3 ||     9
Armor: Robe              |     7 |    17 |    23 |     3 ||    50
Dodge: Dodged            |    78 |   191 |   337 |   208 ||   814
Block: Buckler           |       |       |       |     4 ||     4

Vanquished Creatures
  The ghost of LostGamesStreakFreak the Spear-Bearer, a journeyman MfIE of the Shining One (D:10)
  2 two-headed ogres (D:11)
  An orc high priest (Orc:2)
  4 orc sorcerers (Orc:1)
  Joseph (D:9)
  A manticore (D:11)
  2 cyclopes (D:11)
  Maggie (D:6)
  A troll (D:11)
  Sigmund (D:4)
  A spriggan (D:7)
  A shadow (D:11)
  10 yaks
  2 hungry ghosts
  Menkaure (D:6)
  A warg (Orc:1)
  A water moccasin (D:11)
  2 porcupines (D:9)
  16 orc warriors
  11 ogres
  2 black bears
  2 ice beasts
  3 phantoms
  A swamp drake (D:11)
  A necrophage (D:9)
  2 centaurs
  3 crocodiles (D:9)
  4 bullfrogs
  A big kobold (D:10)
  A wyvern skeleton (D:10)
  4 scorpions
  6 killer bees (D:9)
  3 electric eels (D:5)
  A howler monkey (D:6)
  A jelly (D:5)
  6 crimson imps
  18 orc priests
  5 hounds
  A centaur skeleton (D:8)
  A centaur zombie (D:5)
  28 orc wizards
  A bullfrog skeleton (D:10)
  An iguana (D:11)
  8 worker ants
  A hound zombie (D:6)
  2 worker ant zombies
  14 adders
  2 gnolls (D:8)
  A howler monkey skeleton (D:4)
  2 shadow imps
  2 oozes
  An adder zombie (D:8)
  2 worms (D:2)
  2 dart slugs
  12 leopard geckos
  68 orcs
  5 giant cockroaches
  2 gnoll zombies (D:5)
  14 hobgoblins
  4 jackals
  10 kobolds
  4 quokkas
  2 ball pythons
  A ball python skeleton (D:5)
  6 bats
  7 frilled lizards
  7 goblins
  A quokka skeleton (D:6)
  A quokka zombie (D:8)
  8 rats
346 creatures vanquished.

Vanquished Creatures (others)
  4 fungi (D:9)
  A plant (D:9)
5 creatures vanquished.

Grand Total: 351 creatures vanquished
